 Dungeon Crawl Stone Soup version 0.21-a0-516-gaaff437 (webtiles) character file.

221 esteth the Grasshopper (level 5, -1/43 HPs)
             Began as a Gnoll Warper on Dec 3, 2017.
             Was a Follower of Vehumet.
             Killed from afar by an orc wizard (5 damage)
             ... with a magic dart
             ... on level 4 of the Dungeon.
             The game lasted 00:09:44 (4275 turns).

esteth the Grasshopper (Gnoll Warper)               Turns: 4275, Time: 00:09:44

Health: -1/43      AC:  7    Str: 13      XL:     5   Next: 98%
Magic:  12/12      EV:  5    Int: 15 (16) God:    Vehumet [*.....]
Gold:   71         SH:  0    Dex: 15      Spells: 10/14 levels left

rFire    . . .     SeeInvis .   r - +0 spear (freeze)
rCold    . . .     Gourm    .   (no shield)
rNeg     . . .     Faith    .   g - -1 plate armour (curse)
rPois    .         Spirit   .   (no helmet)
rElec    .         Reflect  .   k - scarf {cloud immunity}
rCorr    .         Harm     .   (no gloves)
MR       .....                  (no boots)
Stlth    ..........             (no amulet)
HPRegen  0.14/turn              (no ring)
MPRegen  0.13/turn              (no ring)

@: slowed, very slow
A: distributed training, fangs 1, molten scales 1, deformed body, strong nose
a: Renounce Religion


You were on level 4 of the Dungeon.
You worshipped Vehumet.
Vehumet was aware of your devotion.
You were very hungry.

You visited 1 branch of the dungeon, and saw 4 of its levels.

You collected 71 gold pieces.

Inventory:

Hand Weapons
 a - a +0 falchion
 r - a +0 spear of freezing (weapon)
Missiles
 e - 5 tomahawks of dispersal (quivered)
Armour
 b - a +0 leather armour
 g - a cursed -1 plate armour (worn)
 k - a scarf of cloud immunity (worn)
Jewellery
 t - a cursed ring of positive energy {unknown}
Wands
 p - a wand of acid (11)
Scrolls
 d - a scroll of blinking
 i - a scroll of fog {unknown}
 l - a scroll of remove curse
 q - a scroll of magic mapping
Books
 c - a book of Spatial Translocations

   Spells                             Type                      Level
   a - Blink                          Translocation                2
   b - Shroud of Golubria             Charms/Translocation         2
   c - Lesser Beckoning               Translocation                3
   d - Gell's Gravitas                Translocation                3
   e - Teleport Other                 Translocation                3
   f - Passage of Golubria            Translocation                4
Comestibles
 f - 2 bread rations
 m - 2 royal jellies
 s - 2 meat rations


   Skills:
 + Level 4.8 Fighting
 + Level 1.6 Short Blades
 + Level 4.8 Long Blades
 + Level 1.6 Axes
 + Level 1.6 Maces & Flails
 + Level 1.6 Polearms
 + Level 1.6 Staves
 + Level 1.6 Slings
 + Level 1.6 Bows
 + Level 1.6 Crossbows
 + Level 3.1 Throwing
 + Level 3.1 Armour
 + Level 4.8 Dodging
 + Level 1.6 Stealth
 + Level 1.6 Shields
 + Level 1.6 Unarmed Combat
 + Level 5.2 Spellcasting
 + Level 1.3 Conjurations
 + Level 1.3 Hexes
 + Level 1.3 Charms
 + Level 1.3 Summonings
 + Level 1.3 Necromancy
 + Level 5.6 Translocations
 + Level 1.3 Transmutations
 + Level 1.3 Fire Magic
 + Level 1.3 Ice Magic
 + Level 1.3 Air Magic
 + Level 1.3 Earth Magic
 + Level 1.3 Poison Magic
 + Level 1.9 Invocations
 + Level 1.6 Evocations


You had 10 spell levels left.
You knew the following spells:

 Your Spells              Type           Power        Failure   Level  Hunger
a - Blink                 Tloc           N/A          97%         2    ##.....
b - Shroud of Golubria    Chrm/Tloc      ##........   100%        2    ##.....


Dungeon Overview and Level Annotations

Branches:
Dungeon (4/15)
 Temple: D:4-7

Altars:
Makhleb
Okawaru
Vehumet
Yredelemnul

Annotations:
D:2 exclusion: downstairs


Innate Abilities, Weirdness & Mutations

Your experience applies equally to all skills.
You have very sharp teeth.
Your uncanny sense of smell can sniff out nearby items.
You are partially covered in molten scales. (AC +2)
Armour fits poorly on your strangely shaped body.


Message History

The iguana bites you but does no damage.
You hit the iguana but do no damage.
The iguana is lightly wounded.
The iguana bites you. The orc wizard casts a spell at you.
The magic dart hits you!
The orc wizard mumbles some strange words.
The orc wizard blinks!
The orc wizard gestures at you while chanting.
You feel yourself slow down.
Items here: ! )) ÷÷ a metallic pink potion; a hand axe of electrocution; a flail; an orc skeleton x2
The iguana bites you!
* * * LOW HITPOINT WARNING * * *
The iguana bites you.
* * * LOW HITPOINT WARNING * * *
There is a stone staircase leading up, spattered with blood here.
The orc wizard gestures at you while chanting.
The magic dart hits you!
You die...

###.....#
#.+.....#
#.#.....#
####+#.#.....#
####............#
#...^.......!...#
#...............#
.......o!@†......
#?......l..?#####
............#
.......?....+
......§.....#
............#
............#
........#####
...######


You could see an iguana and an orc wizard.

Vanquished Creatures
  The ghost of anything the Insei, an amateur OpTm (D:3)
  An iguana (D:4)
  4 adders
  An ooze (D:2)
  An adder skeleton (D:4)
  2 worms (D:3)
  A dart slug (D:1)
  2 leopard geckos
  6 orcs
  5 bats
  5 giant cockroaches
  11 goblins
  9 hobgoblins
  7 kobolds
  A quokka (D:3)
  3 frilled lizards
  A quokka zombie (D:3)
  5 rats
66 creatures vanquished.

Notes
Turn   | Place    | Note
-------+----------+-------------------------------------------
     0 | D:1      | esteth the Gnoll Warper began the quest for the Orb.
     0 | D:1      | Reached XP level 1. HP: 20/20 MP: 6/6
    74 | D:1      | Reached XP level 2. HP: 25/26 MP: 7/7
    80 | D:1      | Learned a level 2 spell: Blink
   449 | D:2      | Reached XP level 3. HP: 31/31 MP: 9/9
   459 | D:2      | Learned a level 2 spell: Shroud of Golubria
   481 | D:2      | Found a burning altar of Makhleb.
   563 | D:2      | Reached skill level 5 in Spellcasting
   651 | D:2      | Found a radiant altar of Vehumet.
   673 | D:2      | Became a worshipper of Vehumet
   699 | D:2      | Reached skill level 1 in Invocations
   927 | D:2      | Reached skill level 1 in Short Blades
   927 | D:2      | Reached skill level 1 in Axes
   927 | D:2      | Reached skill level 1 in Maces & Flails
   927 | D:2      | Reached skill level 1 in Polearms
   927 | D:2      | Reached skill level 1 in Staves
   927 | D:2      | Reached skill level 1 in Slings
   927 | D:2      | Reached skill level 1 in Bows
   927 | D:2      | Reached skill level 1 in Crossbows
   927 | D:2      | Reached skill level 1 in Stealth
   927 | D:2      | Reached skill level 1 in Shields
   927 | D:2      | Reached skill level 1 in Unarmed Combat
   927 | D:2      | Reached skill level 1 in Evocations
  1118 | D:2      | Found a basalt altar of Yredelemnul.
  1235 | D:2      | Reached XP level 4. HP: 25/38 MP: 11/11
  1738 | D:3      | Noticed anything's ghost (amateur OpTm)
  2648 | D:3      | Found an iron altar of Okawaru.
  2691 | D:3      | Reached skill level 1 in Conjurations
  2691 | D:3      | Reached skill level 1 in Hexes
  2691 | D:3      | Reached skill level 1 in Charms
  2691 | D:3      | Reached skill level 1 in Summonings
  2691 | D:3      | Reached skill level 1 in Necromancy
  2691 | D:3      | Reached skill level 1 in Transmutations
  2691 | D:3      | Reached skill level 1 in Fire Magic
  2691 | D:3      | Reached skill level 1 in Ice Magic
  2691 | D:3      | Reached skill level 1 in Air Magic
  2691 | D:3      | Reached skill level 1 in Earth Magic
  2691 | D:3      | Reached skill level 1 in Poison Magic
  2699 | D:3      | Gained mutation: Armour fits poorly on your strangely shaped body. [potion of mutation]
  2699 | D:3      | Gained mutation: You are partially covered in molten scales. (AC +2) [potion of mutation]
  2782 | D:3      | HP: 1/38 [anything's ghost (8)]
  3304 | D:3      | Killed anything's ghost
  3304 | D:3      | Reached XP level 5. HP: 41/43 MP: 12/12
  3477 | D:3      | Reached * piety under Vehumet
  3477 | D:3      | Offered knowledge of Freeze by Vehumet.
  4275 | D:4      | Killed from afar by an orc wizard

Vault maps used:
D:1:      elethiomel_arrival_shortcut
D:2:      nicolae_overflow_hidden_temple, vehumet_crystals,
          lemuel_coloured_pillars_altar, first_bread
D:3:      lemuel_round_altar
D:4:      lemuel_round_altar, corexii_item_surrounded_by_moat

Skill      XL: |  1  2  3  4 |
---------------+-------------+-----
Spellcasting   | 5 |  5.2
Invocations    | 1 |  1.9
Short Blades   | 1 |  1.6
Axes           | 1 |  1.6
Maces & Flails | 1 |  1.6
Polearms       | 1 |  1.6
Staves         | 1 |  1.6
Slings         | 1 |  1.6
Bows           | 1 |  1.6
Crossbows      | 1 |  1.6
Stealth        | 1 |  1.6
Shields        | 1 |  1.6
Unarmed Combat | 1 |  1.6
Evocations     | 1 |  1.6
Conjurations   | 1 |  1.3
Hexes          | 1 |  1.3
Charms         | 1 |  1.3
Summonings     | 1 |  1.3
Necromancy     | 1 |  1.3
Transmutations | 1 |  1.3
Fire Magic     | 1 |  1.3
Ice Magic      | 1 |  1.3
Air Magic      | 1 |  1.3
Earth Magic    | 1 |  1.3
Poison Magic   | 1 |  1.3
Throwing       | 3 |  3.1
Armour         | 3 |  3.1
Fighting       | |  4.8
Long Blades    | |  4.8
Dodging        | |  4.8
Translocations | |  5.6

Action                   |  1- 3 |  4- 6 || total
-------------------------+-------+-------++-------
Melee: Falchion          |    41 |       ||    41
       Bite              |     7 |    21 ||    28
       Spear             |    48 |   208 ||   256
  Use: Scroll            |     3 |     1 ||     4
       Potion            |       |     6 ||     6
 Stab: Sleeping          |     4 |       ||     4
  Eat: Chunk             |     1 |     4 ||     5
       Bread ration      |       |     1 ||     1
Armor: Leather armour    |    19 |    15 ||    34
       Plate armour      |       |    39 ||    39
Dodge: Dodged            |    54 |    85 ||   139
       Rpst.: Falchion   |    12 |       ||    12

Table legend:
 A = Spawn XP
 B = Non-spawn XP
 C = Spawn XP percentage of total XP
 D = Spawn monster count
 E = Non-spawn monster count
 F = Spawn count percentage of total count
 G = Total turns spent on level
                    A         B        C        D         E        F      G
               +---------+---------+-------+---------+---------+-------+---------
         Total |       0 |     317 |   0.0 |       0 |      66 |   0.0 |  4275
               +---------+---------+-------+---------+---------+-------+---------
           D:1 |       0 |      20 |   0.0 |       0 |      10 |   0.0 |   456
           D:2 |       0 |      63 |   0.0 |       0 |      23 |   0.0 |  2332
           D:3 |       0 |     181 |   0.0 |       0 |      27 |   0.0 |  1229
           D:4 |       0 |      53 |   0.0 |       0 |       6 |   0.0 |   258
               +---------+---------+-------+---------+---------+-------+---------
